AoeStats
← Training program

Coastal Forest

503261871Analyzed
4v4 RM · 1mo ago on Aug 30, 2026· 72m 32s· 8 players
Game mode
Random Map
Map size
Large (8 player)
Population
200
Speed
Normal
Resources
Standard
Victory
Conquest
Starting age
Dark Age
Ending age
Imperial Age
RankedLock teamsTeams togetherTeam positionsShared explorationLock speedFull tech treeHidden civsTurbo modeCheats
Victory
Defeat
🇨🇿 Khmer · Czechia
848
+12
🇮🇹 Spanish · Italy
812
+37
🇨🇿 Magyars · Czechia
811
+14
🇮🇹 Persians · Italy
792
+36
🇨🇱 Turks · Chile
810
-16
🇦🇷 Saracens · Argentina
763
-14
🇪🇸 Spanish · Spain
763
-14
🇺🇾 Chinese · Uruguay
728
-12
Il COS
12:05 Feudal Age
13:28 Arson
14:32 Man-at-Arms
15:20 Loom
23:20 Scale Mail Armor
24:21 Padded Archer Armor
25:21 Forging
26:41 Fletching
28:42 Scale Barding Armor
29:47 Bloodlines
32:06 Castle Age
31:49 Double-Bit Axe
32:27 Gold Mining
33:38 Bow Saw
34:51 Husbandry
35:28 Leather Archer Armor
36:34 Squires
35:56 Pikeman
36:22 Gambesons
36:03 Elite Skirmisher
40:53 Long Swordsman
43:01 Chain Barding Armor
43:35 Siphons
50:11 Imperial Age
50:10 Iron Casting
49:51 Chain Mail Armor
50:03 Town Watch
50:54 Wheelbarrow
52:16 Town Patrol
52:59 Plate Barding Armor
52:54 Plate Mail Armor
53:25 Blast Furnace
54:06 Cavalier
55:23 Ring Archer Armor
54:49 Bodkin Arrow
55:53 Hand Cart
56:56 Two-Man Saw
57:21 Chemistry
56:46 Halberdier
56:55 Paladin
59:06 Bracer
Eldoren_1987
2:03 Loom
11:22 Feudal Age
12:13 Double-Bit Axe
13:34 Wheelbarrow
19:14 Castle Age
17:58 Gold Mining
19:30 Fletching
20:27 Bow Saw
22:37 Town Watch
28:44 Hand Cart
28:57 Ballistics
28:48 Masonry
30:23 Murder Holes
30:09 Treadmill Crane
30:42 Thumb Ring
30:51 Town Patrol
34:45 Stone Mining
35:33 Gold Shaft Mining
37:49 Imperial Age
36:36 Bodkin Arrow
36:42 Padded Archer Armor
36:48 Scale Barding Armor
37:59 Corvinian Army
38:31 Leather Archer Armor
41:04 Bloodlines
40:55 Husbandry
40:20 Heavy Cavalry Archer
42:16 Recurve Bow
42:38 Conscription
43:42 Horse Collar
45:07 Two-Man Saw
44:05 Elite Magyar Huszar
46:32 Chain Barding Armor
46:13 Bracer
46:44 Ring Archer Armor
51:25 Parthian Tactics
52:12 Chemistry
51:18 Siege Engineers
51:55 Plate Barding Armor
53:03 Heavy Plow
Training program
10:27 Feudal Age
11:18 Double-Bit Axe
11:22 Horse Collar
16:24 Castle Age
17:46 Bow Saw
23:29 Heavy Plow
24:28 Gold Mining
24:31 Stone Mining
25:45 Wheelbarrow
24:56 Town Watch
24:58 Loom
27:44 Stone Shaft Mining
31:40 Imperial Age
30:15 Hand Cart
30:57 Ballistics
30:51 Masonry
30:37 Fletching
30:48 Padded Archer Armor
31:02 Bloodlines
30:53 Husbandry
31:13 Forging
31:08 Scale Barding Armor
32:31 Siege Engineers
33:08 Architecture
32:43 Bodkin Arrow
33:16 Conscription
34:12 Crop Rotation
35:47 Chemistry
35:35 Double Crossbow
35:59 Bracer
36:14 Leather Archer Armor
36:32 Elite Ballista Elephant
43:59 Light Cavalry
44:36 Hussar
45:55 Devotion
48:57 Caravan
66:48 Leather Archer Armor
66:36 Scale Mail Armor
67:43 Pikeman
68:26 Halberdier
tomdeb86
13:55 Feudal Age
16:54 Fishing Lines
22:41 Double-Bit Axe
25:01 Castle Age
27:40 Wheelbarrow
27:29 Bow Saw
30:34 Hand Cart
31:06 Gillnets
35:23 Stone Mining
35:28 Gold Mining
37:27 Stone Shaft Mining
37:29 Gold Shaft Mining
36:37 Horse Collar
39:41 Forging
39:38 Scale Barding Armor
41:27 Heavy Plow
44:09 Imperial Age
45:52 Iron Casting
45:38 Chain Barding Armor
44:41 Elite War Elephant
45:46 Conscription
45:43 Citadels
46:11 Hoardings
47:39 Blast Furnace
47:58 Chemistry
47:14 Masonry
47:00 Murder Holes
47:29 Ballistics
51:46 Plate Barding Armor
54:53 Caravan
58:05 Architecture
60:55 Two-Man Saw
61:43 Bloodlines
61:40 Husbandry
61:03 Cavalier
62:28 Crop Rotation
69:36 Scale Mail Armor
69:00 Pikeman
69:44 Squires
69:12 Savar
69:17 Heavy Camel Rider
69:47 Onager
69:50 Capped Ram
70:20 Heavy Scorpion
71:11 Siege Ram
JoaKo_uy
1:14 Loom
14:07 Feudal Age
15:13 Fishing Lines
16:13 Double-Bit Axe
17:48 Horse Collar
22:37 Wheelbarrow
27:47 Gold Mining
27:51 Fletching
28:03 Padded Archer Armor
28:09 Stone Mining
29:58 Town Watch
34:27 Castle Age
33:30 Man-at-Arms
38:27 Hand Cart
37:58 Town Watch
39:35 Arson
39:51 Squires
40:08 Forging
39:59 Scale Mail Armor
40:03 Bodkin Arrow
40:24 Leather Archer Armor
44:29 Imperial Age
47:00 Heavy Rocket Cart
48:25 Great Wall
49:54 Conscription
50:50 Rocketry
56:20 Long Swordsman
57:03 Two-Handed Swordsman
58:26 Iron Casting
58:07 Chain Mail Armor
58:28 Champion
60:13 Gillnets
61:22 Clinker Construction
61:45 Caravan
71:10 Chemistry
70:45 Ballistics
elmerson4188
7:54 Loom
13:37 Feudal Age
14:09 Double-Bit Axe
14:07 Horse Collar
16:13 Stone Mining
18:44 Bloodlines
19:08 Scale Barding Armor
19:59 Forging
22:58 Wheelbarrow
25:16 Castle Age
23:14 Gold Mining
26:29 Bow Saw
26:23 Heavy Plow
27:14 Stone Shaft Mining
30:35 Imperial Age
29:30 Hand Cart
31:36 Chain Barding Armor
31:55 Iron Casting
31:49 Pikeman
33:56 Two-Man Saw
33:38 Plate Barding Armor
33:19 Inquisition
37:13 Halberdier
41:42 Block Printing
41:06 Onager
KUATIQUERO
0:45 Loom
14:38 Feudal Age
19:12 Castle Age
17:43 Double-Bit Axe
24:02 Wheelbarrow
31:06 Bow Saw
31:06 Scale Barding Armor
31:12 Forging
31:33 Husbandry
31:44 Bloodlines
32:29 Stone Mining
32:29 Gold Mining
35:03 Chain Barding Armor
35:19 Iron Casting
36:00 Hand Cart
39:23 Imperial Age
40:30 Conscription
41:45 Blast Furnace
41:21 Plate Barding Armor
42:52 Two-Man Saw
52:21 Heavy Camel Rider
QueMatracaAriel
13:09 Feudal Age
13:46 Double-Bit Axe
13:47 Fishing Lines
16:10 Gold Mining
19:31 Castle Age
17:56 Horse Collar
20:12 Wheelbarrow
19:29 Loom
21:55 Light Cavalry
22:47 Bloodlines
22:38 Husbandry
22:33 Gillnets
24:13 Medium Warships
24:48 Stone Mining
26:19 Bow Saw
27:06 Hand Cart
27:13 Town Watch
28:04 Town Patrol
29:09 Forging
29:04 Scale Barding Armor
32:34 Imperial Age
30:01 Crossbowman
30:47 Thumb Ring
30:38 Fletching
30:48 Padded Archer Armor
31:54 Heavy Plow
32:08 Bodkin Arrow
32:28 Leather Archer Armor
32:51 Treadmill Crane
33:32 Ballistics
33:52 Conscription
33:27 Heavy Camel Rider
33:34 Arbalester
35:23 Heavy Warships
35:20 Careening
35:21 Clinker Construction
35:52 Gold Shaft Mining
36:52 Chemistry
37:21 Bracer
37:52 Ring Archer Armor
38:01 Iron Casting
37:46 Chain Barding Armor
39:34 Chain Barding Armor
41:32 Capped Ram
41:36 Onager
43:04 Plate Barding Armor
43:30 Blast Furnace
47:18 Blast Furnace
65:06 Two-Man Saw
64:57 Counterweights
Connection lost

Rejoining the realm…

Still unreachable

The connection could not be restored.

Session expired

The server has moved on; the page needs a fresh start.